 Dungeon Crawl Stone Soup version 0.29.1-15-g9cfb28693d (webtiles) character file.

Game seed: 8983033138602103625

91 Mickster the Trooper (level 4, -22/30 HPs)
             Began as a Gargoyle Chaos Knight on Mar 8, 2023.
             Was a Plaything of Xom.
             Engulfed by a cloud of flame (23 damage)
             ... on level 3 of the Dungeon.
             The game lasted 00:20:36 (2199 turns).

Mickster the Trooper (Gargoyle Chaos Knight)        Turns: 2199, Time: 00:20:36

Health: -22/30     AC: 15    Str: 18    XL:     4   Next: 59%
Magic:  4/4        EV: 11    Int: 12    God:    Xom [*.....]
Gold:   183        SH:  0    Dex: 11    Spells: 3/3 levels left

rFire   . . .      SeeInvis .   k - +2 falchion (protect)
rCold   . . .      Faith    .   (no shield)
rNeg    + . .      Spirit   .   b - +2 leather armour
rPois   ∞          Reflect  .   (helmet unavailable)
rElec   +          Harm     .   (no cloak)
rCorr   .          Rampage  .   (no gloves)
Will    .....      Clarity  +   (no boots)
Stlth   ++........              (no amulet)
HPRegen 0.10/turn               (no ring)
MPRegen 0.09/turn               (no ring)

@: under a protective aura
A: sickness immunity, AC +3, negative energy resistance 1, electricity
resistance, torment resistance 1, petrification resistance, horns 3, talons 1,
thin skeletal structure 1, clarity
a: Renounce Religion


You were on level 3 of the Dungeon.
You worshipped Xom.
You were a special plaything of Xom.
You visited 1 branch of the dungeon, and saw 3 of its levels.

You collected 183 gold pieces.

Inventory:

Hand Weapons
 a - a +1 mace of chaos
 e - a +0 sling
 k - a +2 falchion of protection (weapon)
Missiles
 f - 20 stones
Armour
 b - a +2 leather armour (worn)
Wands
 h - a wand of flame (25)
Scrolls
 d - 3 scrolls of identify
Potions
 g - a potion of heal wounds {unknown}
 i - a potion of ambrosia {unknown}
 j - a potion of might {unknown}
Miscellaneous
 c - a piece from Xom's chessboard (15/15) (quivered)


   Skills:
 + Level 4.3 Fighting
 * Level 0.3 Long Blades
 - Level 3.7 Maces & Flails
 + Level 2.8 Armour
 + Level 1.0 Dodging
 + Level 1.1 Stealth


You had 3 spell levels left.
You didn't know any spells.
Your spell library contained the following spells:

 Spells                   Type           Power      Damage    Failure   Level
 Slow                     Hex            0%         N/A       36%         1
 Summon Small Mammal      Summ           0%         N/A       36%         1
 Call Canine Familiar     Summ           0%         N/A       75%         3
 Confusing Touch          Hex            0%         N/A       75%         3
 Summon Guardian Golem    Hex/Summ       0%         N/A       75%         3
 Vampiric Draining        Necr           0%         2d6       75%         3


Dungeon Overview and Level Annotations

Branches:
Dungeon (3/15)

Altars:
Vehumet
Xom


Innate Abilities, Weirdness & Mutations

You are immune to sickness and miasma.
Your stone body is resilient. (AC +3)
You are immune to poison.
You resist negative energy. (rN+)
You are resistant to electric shocks. (rElec)
You are resistant to unholy torment.
You are immune to petrification.
You have a pair of large horns on your head.
You have sharp toenails.
You have a somewhat thin skeletal structure. (Dex +2, Stealth+)
You possess an exceptional clarity of mind.


Message History

The ball python bites you but does no damage.
The ball python constricts you.
The ball python bites you but does no damage.
The ball python bites you.
You escape the ball python's grasp.
The ball python attacks as you move away!
The ball python barely misses you. The ball python closely misses you. x2
The ball python barely misses you. x2; The ball python grabs you.
The ball python constricts you.
You escape the ball python's grasp.
The ball python bites you but does no damage.
The ball python closely misses you.
You see here 4 gold pieces.
You closely miss the ball python. Your kick misses the ball python.
You headbutt the ball python.
You kill the ball python!
The ball python bites you. The ball python closely misses you.
You hit the ball python.
Your weapon exudes an aura of protection.
You kill the ball python!
Xom makes a sudden noise!
You hear a loud clanging noise!
The ball python barely misses you. The ball python grabs you.
The ball python constricts you. The ball python bites you.
The ball python bites you but does no damage.
The ball python constricts you.
The ball python bites you but does no damage.
As you read the scroll labelled RUGAVE HAKUASYF, it crumbles to dust.
The creatures around you are filled with an inner flame!
It was a scroll of immolation.
The ball python closely misses you. The ball python constricts you.
The ball python misses you.
You hit the ball python.
Flame seeps out of the ball python.
You claw the ball python.
The ball python explodes!
The fiery explosion engulfs you!!
Ouch! That really hurt!
* * * LOW HITPOINT WARNING * * *
You are engulfed in blazing flames.
Ouch! That really hurt!
You die...
Xom cackles wildly!

#..... ...... #......
## ...>... #.. =......
# #.#. ......# #####
#.. ##....... .....
#..###@§§....# ###..
#...S§○§....# #####..
##.†...§....# #.......
##..........# #.....#.
#.....###.### #......>
#.....# #.# #.......
#.....###.#####.......
#.....................
#..........[####......


You could see a ball python (inner flame).

Vanquished Creatures
  4 adders
  2 worms (D:2)
  A dart slug (D:1)
  An orc (D:3)
  4 endoplasms
  A giant cockroach (D:2)
  4 goblins
  7 hobgoblins
  2 quokkas
  10 ball pythons
  4 bats
  2 frilled lizards (D:1)
  2 kobolds
  5 rats
  A butterfly (D:3)
50 creatures vanquished.

Vanquished Creatures (others)
  2 fungi (D:3)
2 creatures vanquished.

Grand Total: 52 creatures vanquished

Notes
Turn   | Place    | Note
-------+----------+-------------------------------------------
     0 | D:1      | Mickster the Gargoyle Chaos Knight began the quest for the
                  | Orb.
     0 | D:1      | Reached XP level 1. HP: 14/14 MP: 1/1
    11 | D:1      | XOM: divination: magic mapping
   259 | D:1      | Reached XP level 2. HP: 20/20 MP: 2/2
   666 | D:1      | XOM: give mutations
   666 | D:1      | Gained mutation: You have hidden genetic potential. [Xom's
                  | grace]
   666 | D:1      | Gained mutation: Your natural rate of healing is unusually
                  | fast. [Xom's grace]
   666 | D:1      | Gained mutation: You have a pair of small horns on your
                  | head. [Xom's grace]
   666 | D:1      | Gained mutation: Your muscles are strong. (Str +4, Int/Dex
                  | -1) [Xom's grace]
   689 | D:1      | XOM: give mutations
   689 | D:1      | Gained mutation: You have a pair of horns on your head.
                  | [Xom's grace]
   689 | D:1      | Gained mutation: You are partially covered in iridescent
                  | scales. (AC +2) [Xom's grace]
   689 | D:1      | Gained mutation: You have sharp toenails. [Xom's grace]
   698 | D:1      | XOM: scenery: create altars
   713 | D:2      | Lost mutation: Your muscles are strong. (Str +4, Int/Dex
                  | -1) [potion of mutation]
   713 | D:2      | Lost mutation: Your natural rate of healing is unusually
                  | fast. [potion of mutation]
   713 | D:2      | Lost mutation: You are partially covered in iridescent
                  | scales. (AC +2) [potion of mutation]
   713 | D:2      | Gained mutation: You have a somewhat thin skeletal
                  | structure. (Dex +2, Stealth+) [potion of mutation]
   770 | D:2      | Reached skill level 4 in Fighting
   858 | D:2      | Reached XP level 3. HP: 15/24 MP: 3/3
  1201 | D:2      | Gained mutation: You possess an exceptional clarity of
                  | mind. [hidden potential]
  1226 | D:2      | XOM: summons 2 hostile demons
  1471 | D:2      | XOM: 5-stop teleportation journey
  1694 | D:3      | Found a shimmering altar of Xom.
  1717 | D:3      | Reached XP level 4. HP: 27/29 MP: 4/4
  1924 | D:3      | Found a radiant altar of Vehumet.
  1947 | D:3      | Gained mutation: You have a pair of large horns on your
                  | head. [hidden potential]
  1947 | D:3      | Lost mutation: You have hidden genetic potential. [hidden
                  | potential expressed]
  1997 | D:3      | XOM: stat loss: -1 Int (11/12)
  2152 | D:3      | Reached skill level 1 in Dodging
  2152 | D:3      | Reached skill level 1 in Stealth
  2197 | D:3      | XOM: noise
  2199 | D:3      | HP: 1/30 [spore (20)]
  2199 | D:3      | Engulfed by a cloud of flame

Illustrated notes

Levels and vault maps discovered:
D:1:      lemuel_arrival_cross, layout_loops_ring
D:2:      layout_loops_ring, grunt_ministairs_15
D:3:      layout_rooms, vehumet_altar_wand_db, xom_butterflies,
          minmay_shallow_snake_nest

Skill      XL: |  1  2  3  4 |
---------------+-------------+-----
Fighting       | 4 |  4.3
Dodging        | 1 |  1.0
Stealth        | 1 |  1.1
Long Blades    | |  0.3
Maces & Flails | |  3.7
Armour         | |  2.8

Action                   |  1- 3 |  4- 6 || total
-------------------------+-------+-------++-------
Melee: Mace              |    74 |     4 ||    78
       Kick              |    10 |     4 ||    14
       Headbutt          |     8 |     2 ||    10
       Falchion          |       |    19 ||    19
  Use: Scroll            |     2 |     1 ||     3
       Potion            |     3 |       ||     3
 Stab: Paralysed         |     3 |       ||     3
       Sleeping          |     2 |       ||     2
Armor: Leather armour    |    40 |    34 ||    74
Dodge: Dodged            |    42 |    35 ||    77
